NCAA
VIRGINIA TECH HOKIES @ STANFORD CARDINAL
05/18/2030
 
TOP OF THE 1ST
Virginia Tech Hokies batting - Pitching for Stanford Cardinal : RHP Mike Cannon
Pitching: RHP Mike Cannon
Batting: LHB David Ortega 0-0: Bunt for hit - play at first, batter safe!
Batting: SHB Daniel Lee 0-0: Ball
1-0: Foul Ball, location: 2F
1-1: Ball
2-1: Foul Ball, location: 2F
2-2: Fly out, F5 (Popup, 5SF)
Batting: RHB Eric Clay 0-0: Ball
1-0: Foul Ball, location: 2F
1-1: Ball
2-1: Swinging Strike
2-2: Ball
David Ortega steals 2nd base
3-2: Foul Ball, location: 2F
3-2: Foul Ball, location: 2F
3-2: Foul Ball, location: 2F
3-2: Base on Balls
Batting: RHB Dusty Green 0-0: Ball
1-0: Called Strike
1-1: Ball
2-1: Swinging Strike
2-2: Ball
3-2: Base on Balls
David Ortega to third
Eric Clay to second
Batting: LHB Ben Webb 0-0: Called Strike
0-1: Foul Ball, location: 2F
0-2: Strikes out swinging
Batting: RHB Octávio Ramérez 0-0: Ball
1-0: Ball
2-0: Ball
3-0: Base on Balls
David Ortega scores
Eric Clay to third
Dusty Green to second
Batting: RHB Jake Holmes 0-0: Ball
1-0: Ball
Passed Ball!
Eric Clay scores
Dusty Green to third
Octávio Ramérez to second
2-0: Foul Ball, location: 2F
2-1: Ball
3-1: Base on Balls
Batting: RHB Luke McCallum 0-0: Ball
1-0: Foul Ball, location: 2F
1-1: Ball
2-1: Ball
3-1: Base on Balls
Dusty Green scores
Octávio Ramérez to third
Jake Holmes to second
Batting: RHB Tim Wise 0-0: Ball
1-0: Ball
2-0: Ball
3-0: Base on Balls
Octávio Ramérez scores
Jake Holmes to third
Luke McCallum to second
Batting: LHB David Ortega 0-0: Ball
1-0: GRAND SLAM HOME RUN (Flyball, 9LD), Distance : 335 ft
Batting: SHB Daniel Lee 0-0: Ball
1-0: Called Strike
1-1: Foul Ball, location: 2F
1-2: Ball
2-2: Reached on error, E9 (Flyball, 9D)
Batting: RHB Eric Clay 0-0: Called Strike
0-1: Swinging Strike
0-2: Strikes out looking
Top of the 1st over - 8 runs, 2 hits, 1 error, 1 left on base; Virginia Tech 8 - Stanford 0
BOTTOM OF THE 1ST
Stanford Cardinal batting - Pitching for Virginia Tech Hokies : RHP Ken Turner
Pitching: RHP Ken Turner
Batting: SHB Gary King 0-0: Ball
1-0: Ball
2-0: Foul Ball, location: 2F
2-1: Ball
3-1: Foul Ball, location: 2F
3-2: SINGLE (Line Drive, 34D)
Batting: RHB Ira Martin 0-0: Foul Ball, location: 2F
0-1: Foul Ball, location: 2F
0-2: Foul Ball, location: 2F
0-2: Foul Ball, location: 2F
0-2: Ball
1-2: Foul Ball, location: 2F
1-2: Strikes out swinging
Batting: RHB Rick McDonald 0-0: Ball
1-0: Ball
2-0: Ball
3-0: Base on Balls
Gary King to second
Batting: RHB Flint Ballard 0-0: Foul Ball, location: 2F
0-1: Called Strike
0-2: Ball
1-2: Strikes out swinging
Batting: SHB Rick Cochran 0-0: Ball
1-0: Foul Ball, location: 2F
1-1: Ball
2-1: Called Strike
2-2: Foul Ball, location: 2F
2-2: Ground out 4-3 (Groundball, 4S)
Bottom of the 1st over - 0 runs, 1 hit, 0 errors, 2 left on base; Virginia Tech 8 - Stanford 0
TOP OF THE 2ND
Virginia Tech Hokies batting - Pitching for Stanford Cardinal : RHP Mike Cannon
Batting: RHB Dusty Green 0-0: Foul Ball, location: 2F
0-1: Ball
1-1: Foul Ball, location: 2F
1-2: Ball
2-2: Ball
3-2: Foul Ball, location: 2F
3-2: Foul Ball, location: 2F
3-2: Ground out 6-3 (Groundball, 6)
Batting: LHB Ben Webb 0-0: Called Strike
0-1: Swinging Strike
0-2: Ball
1-2: Ball
2-2: Ball
3-2: Strikes out swinging
Batting: RHB Octávio Ramérez 0-0: Called Strike
0-1: Ball
1-1: Ball
2-1: Swinging Strike
2-2: Strikes out looking
Top of the 2nd over - 0 runs, 0 hits, 0 errors, 0 left on base; Virginia Tech 8 - Stanford 0
BOTTOM OF THE 2ND
Stanford Cardinal batting - Pitching for Virginia Tech Hokies : RHP Ken Turner
Batting: RHB Pete Powell 0-0: SOLO HOME RUN (Flyball, 9LD), Distance : 321 ft
Batting: RHB Rodrigo Ortíz 0-0: Ball
1-0: Ball
2-0: Ball
3-0: Base on Balls
Batting: LHB José Trindade 0-0: Ball
1-0: Foul Ball, location: 2F
1-1: Swinging Strike
1-2: Strikes out swinging
Batting: RHB Bill Sanders 0-0: Ball
1-0: Swinging Strike
1-1: Fielders Choice at 2nd, 3-6 (Groundball, 34)
Batting: SHB Gary King 0-0: Ball
1-0: Reached on error, E6 (Popup, 6MD)
Bill Sanders to second
Batting: RHB Ira Martin 0-0: Ball
1-0: Foul Ball, location: 2F
1-1: Ball
2-1: Foul Ball, location: 2F
2-2: Ball
3-2: Foul Ball, location: 2F
3-2: Foul Ball, location: 2F
3-2: Base on Balls
Bill Sanders to third
Gary King to second
Batting: RHB Rick McDonald 0-0: Ball
1-0: Ball
2-0: Ball
3-0: Called Strike
3-1: Hit by Pitch
Bill Sanders scores
Gary King to third
Ira Martin to second
Batting: RHB Flint Ballard 0-0: Ball
1-0: Ball
2-0: Ball
3-0: Base on Balls
Gary King scores
Ira Martin to third
Rick McDonald to second
Batting: SHB Rick Cochran 0-0: Ball
1-0: Called Strike
1-1: Ball
2-1: Ground out 6-3 (Groundball, 6S)
Bottom of the 2nd over - 3 runs, 1 hit, 1 error, 3 left on base; Virginia Tech 8 - Stanford 3
TOP OF THE 3RD
Virginia Tech Hokies batting - Pitching for Stanford Cardinal : RHP Mike Cannon
Batting: RHB Jake Holmes 0-0: Ball
1-0: SINGLE (Groundball, 25) (infield hit)
Pitching: LHP Dave Anslow
Batting: RHB Luke McCallum 0-0: Ball
Wild Pitch!
Jake Holmes to second
1-0: Called Strike
1-1: Foul Ball, location: 2F
1-2: Ground out 6-3 (Groundball, 56D)
Batting: RHB Tim Wise 0-0: Foul Ball, location: 2F
0-1: SINGLE (Flyball, 7LS)
Jake Holmes to third
Runner from 3rd tries for Home, SAFE, throw made home
Tim Wise to second
Batting: LHB David Ortega 0-0: Called Strike
0-1: Swinging Strike
0-2: Foul Ball, location: 2F
0-2: Strikes out swinging
Batting: SHB Daniel Lee 0-0: Ball
1-0: Ball
2-0: Called Strike
2-1: Foul Ball, location: 2F
2-2: SINGLE (Groundball, 4D)
Tim Wise to third
Runner from 3rd tries for Home, SAFE, no throw
Batting: RHB Eric Clay 0-0: Called Strike
0-1: Ball
1-1: Foul Ball, location: 2F
1-2: Strikes out swinging
Top of the 3rd over - 2 runs, 3 hits, 0 errors, 1 left on base; Virginia Tech 10 - Stanford 3
BOTTOM OF THE 3RD
Stanford Cardinal batting - Pitching for Virginia Tech Hokies : RHP Ken Turner
Batting: RHB Pete Powell 0-0: Ball
1-0: Fly out, F7 (Flyball, 8LS)
Batting: RHB Rodrigo Ortíz 0-0: Ball
1-0: Ball
2-0: Ball
3-0: Base on Balls
Batting: LHB José Trindade 0-0: Grounds into double play, 6-4-3 (Groundball, 6)
Bottom of the 3rd over - 0 runs, 0 hits, 0 errors, 0 left on base; Virginia Tech 10 - Stanford 3
TOP OF THE 4TH
Virginia Tech Hokies batting - Pitching for Stanford Cardinal : LHP Dave Anslow
Batting: RHB Dusty Green 0-0: Foul Ball, location: 2F
0-1: Ball
1-1: Foul Ball, location: 2F
1-2: Foul Ball, location: 2F
1-2: Ball
2-2: Strikes out swinging
Batting: LHB Ben Webb 0-0: Swinging Strike
0-1: Ball
1-1: Ball
2-1: Swinging Strike
2-2: Ball
3-2: Strikes out swinging
Batting: RHB Octávio Ramérez 0-0: Ball
1-0: Swinging Strike
1-1: SINGLE (Flyball, 89M) - OUT at second base trying to stretch hit.
Top of the 4th over - 0 runs, 1 hit, 0 errors, 0 left on base; Virginia Tech 10 - Stanford 3
BOTTOM OF THE 4TH
Stanford Cardinal batting - Pitching for Virginia Tech Hokies : RHP Ken Turner
Batting: RHB Bill Sanders 0-0: Called Strike
0-1: Foul Ball, location: 2F
0-2: Ball
1-2: Ground out U3 (Groundball, 23)
Batting: SHB Gary King 0-0: Ball
1-0: Ball
2-0: Foul Ball, location: 2F
2-1: Swinging Strike
2-2: Ground out 4-3 (Groundball, 4)
Batting: RHB Ira Martin 0-0: Foul Ball, location: 2F
0-1: Foul Ball, location: 2F
0-2: Foul Ball, location: 2F
0-2: Ground out 1-3 (Groundball, 13S)
Bottom of the 4th over - 0 runs, 0 hits, 0 errors, 0 left on base; Virginia Tech 10 - Stanford 3
TOP OF THE 5TH
Virginia Tech Hokies batting - Pitching for Stanford Cardinal : LHP Dave Anslow
Batting: RHB Jake Holmes 0-0: Ball
1-0: Ball
2-0: Ball
3-0: Base on Balls
Batting: RHB Luke McCallum 0-0: Ball
1-0: Fly out, F8 (Flyball, 8RM)
Batting: RHB Tim Wise 0-0: Ball
1-0: Swinging Strike
1-1: Swinging Strike
1-2: Foul Ball, location: 2F
1-2: Ball
2-2: Strikes out swinging
Batting: LHB David Ortega 0-0: Ball
1-0: Foul Ball, location: 2F
1-1: Ball
2-1: Foul Ball, location: 2F
2-2: SINGLE (Groundball, 6D)
Jake Holmes to second
Jake Holmes to third
Batting: SHB Daniel Lee 0-0: Called Strike
0-1: Called Strike
0-2: Ground out 3-1 (Groundball, 34)
Top of the 5th over - 0 runs, 1 hit, 0 errors, 2 left on base; Virginia Tech 10 - Stanford 3
BOTTOM OF THE 5TH
Stanford Cardinal batting - Pitching for Virginia Tech Hokies : RHP Ken Turner
Pitching: RHP Rob Wright
Batting: RHB Rick McDonald 0-0: Ground out 5-3 (Groundball, 56S)
Batting: RHB Flint Ballard 0-0: Ball
1-0: Called Strike
1-1: Foul Ball, location: 2F
1-2: Foul Ball, location: 2F
1-2: Ground out 5-3 (Groundball, 56)
Batting: SHB Rick Cochran 0-0: Ball
1-0: Ground out 5-3 (Groundball, 56)
Bottom of the 5th over - 0 runs, 0 hits, 0 errors, 0 left on base; Virginia Tech 10 - Stanford 3
TOP OF THE 6TH
Virginia Tech Hokies batting - Pitching for Stanford Cardinal : LHP Dave Anslow
Batting: RHB Eric Clay 0-0: Called Strike
0-1: Ball
1-1: SINGLE (Line Drive, 78M)
Pitching: LHP Patrice Galipeau
Batting: RHB Dusty Green 0-0: Ball
1-0: Ball
2-0: Foul Ball, location: 2F
2-1: Grounds into double play, 6-4-3 (Groundball, 6)
Batting: LHB Ben Webb 0-0: Foul Ball, location: 2F
0-1: Called Strike
0-2: Ball
1-2: Ball
2-2: Ball
3-2: Base on Balls
Batting: RHB Octávio Ramérez 0-0: Ball
1-0: Ground out 4-3 (Groundball, 4)
Top of the 6th over - 0 runs, 1 hit, 0 errors, 1 left on base; Virginia Tech 10 - Stanford 3
BOTTOM OF THE 6TH
Stanford Cardinal batting - Pitching for Virginia Tech Hokies : RHP Rob Wright
Batting: RHB Pete Powell 0-0: Called Strike
0-1: Ball
1-1: SINGLE (Line Drive, 6)
Batting: RHB Rodrigo Ortíz 0-0: Grounds into double play, 5-4-3 (Groundball, 5)
Batting: LHB José Trindade 0-0: Ball
1-0: Foul Ball, location: 2F
1-1: Foul Ball, location: 2F
1-2: SINGLE (Groundball, 3) (infield hit)
Batting: RHB Bill Sanders 0-0: Foul Ball, location: 2F
0-1: Ball
1-1: Called Strike
1-2: Fly out, F9 (Flyball, 9)
Bottom of the 6th over - 0 runs, 2 hits, 0 errors, 1 left on base; Virginia Tech 10 - Stanford 3
TOP OF THE 7TH
Virginia Tech Hokies batting - Pitching for Stanford Cardinal : LHP Patrice Galipeau
Batting: RHB Jake Holmes 0-0: Ball
1-0: Foul Ball, location: 2F
1-1: SINGLE (Line Drive, 56D)
Batting: RHB Luke McCallum 0-0: Called Strike
0-1: Ball
1-1: Swinging Strike
1-2: Foul Ball, location: 2F
1-2: Ball
2-2: Ball
3-2: Base on Balls
Jake Holmes to second
Batting: RHB Tim Wise 0-0: Ball
1-0: Ball
2-0: Ball
3-0: Base on Balls
Jake Holmes to third
Luke McCallum to second
Batting: LHB David Ortega 0-0: Ball
1-0: Swinging Strike
1-1: Called Strike
1-2: Ball
2-2: Foul Ball, location: 2F
2-2: Strikes out swinging
Batting: SHB Daniel Lee 0-0: Ball
1-0: Ball
2-0: GRAND SLAM HOME RUN (Line Drive, 78XD), Distance : 383 ft
Batting: RHB Eric Clay 0-0: Called Strike
0-1: Swinging Strike
0-2: Foul Ball, location: 2F
0-2: Strikes out looking
Batting: RHB Dusty Green 0-0: Ground out 5-3 (Groundball, 5L)
Top of the 7th over - 4 runs, 2 hits, 0 errors, 0 left on base; Virginia Tech 14 - Stanford 3
BOTTOM OF THE 7TH
Stanford Cardinal batting - Pitching for Virginia Tech Hokies : RHP Rob Wright
Batting: SHB Gary King 0-0: Called Strike
0-1: Swinging Strike
0-2: Strikes out swinging
Batting: RHB Ira Martin 0-0: Swinging Strike
0-1: Ball
1-1: Foul Ball, location: 2F
1-2: Ground out 4-3 (Groundball, 4)
Batting: RHB Rick McDonald 0-0: Called Strike
0-1: Ball
1-1: Ball
2-1: Ball
3-1: Base on Balls
Batting: RHB Flint Ballard 0-0: Swinging Strike
0-1: Called Strike
0-2: Ground out 1-3 (Groundball, 15S)
Bottom of the 7th over - 0 runs, 0 hits, 0 errors, 1 left on base; Virginia Tech 14 - Stanford 3
TOP OF THE 8TH
Virginia Tech Hokies batting - Pitching for Stanford Cardinal : LHP Patrice Galipeau
Pitching: RHP Greg Stone
Batting: LHB Ben Webb 0-0: Called Strike
0-1: Ball
1-1: Called Strike
1-2: Ball
2-2: Ball
3-2: Base on Balls
Batting: RHB Octávio Ramérez 0-0: Foul Ball, location: 2F
0-1: 2-RUN HOME RUN (Flyball, 7D), Distance : 357 ft
Batting: RHB Jake Holmes 0-0: Foul Ball, location: 2F
0-1: Ball
1-1: Ground out U3 (Groundball, 34)
Batting: RHB Luke McCallum 0-0: Called Strike
0-1: Ball
1-1: Called Strike
1-2: Strikes out looking
Batting: RHB Tim Wise 0-0: SINGLE (Flyball, 89S)
Batting: LHB David Ortega 0-0: Ball
1-0: Swinging Strike
1-1: Swinging Strike
1-2: Fly out, F6 (Popup, 6M)
Top of the 8th over - 2 runs, 2 hits, 0 errors, 1 left on base; Virginia Tech 16 - Stanford 3
BOTTOM OF THE 8TH
Stanford Cardinal batting - Pitching for Virginia Tech Hokies : RHP Rob Wright
Batting: SHB Rick Cochran 0-0: Ball
1-0: Foul Ball, location: 2F
1-1: Ball
2-1: SINGLE (Groundball, 34D)
Batting: RHB Pete Powell 0-0: Called Strike
0-1: Ball
1-1: Ball
2-1: SINGLE (Flyball, 9LM)
Rick Cochran to second
Runner from 2nd tries for 3rd, SAFE, no throw
Batting: RHB Rodrigo Ortíz 0-0: Ball
1-0: Ball
2-0: Ball
3-0: Called Strike
3-1: Swinging Strike
3-2: Strikes out looking
Batting: LHB José Trindade 0-0: Called Strike
0-1: Called Strike
0-2: Ball
1-2: Fielders Choice at 2nd, 3-6 (Groundball, 34)
Rick Cochran scores
Batting: RHB Bill Sanders 0-0: Called Strike
0-1: Called Strike
0-2: Ball
1-2: Foul Ball, location: 2F
1-2: Foul Ball, location: 2F
1-2: Fielders Choice at 2nd, 5-4 (Groundball, 56)
Bottom of the 8th over - 1 run, 2 hits, 0 errors, 1 left on base; Virginia Tech 16 - Stanford 4
TOP OF THE 9TH
Virginia Tech Hokies batting - Pitching for Stanford Cardinal : RHP Greg Stone
Batting: SHB Daniel Lee 0-0: Foul Ball, location: 2F
0-1: Ball
1-1: Fly out, F6 (Line Drive, 6)
Batting: RHB Eric Clay 0-0: Ball
1-0: Swinging Strike
1-1: Ball
2-1: Foul Ball, location: 2F
2-2: Ground out 6-3 (Groundball, 6)
Pitching: RHP Kyle Sears
Batting: RHB Dusty Green 0-0: Called Strike
0-1: Foul Ball, location: 2F
0-2: Strikes out swinging
Top of the 9th over - 0 runs, 0 hits, 0 errors, 0 left on base; Virginia Tech 16 - Stanford 4
BOTTOM OF THE 9TH
Stanford Cardinal batting - Pitching for Virginia Tech Hokies : RHP Rob Wright
Batting: SHB Gary King 0-0: Ball
1-0: Called Strike
1-1: Ball
2-1: Foul Ball, location: 2F
2-2: Strikes out looking
Batting: RHB Ira Martin 0-0: Ball
1-0: Foul Ball, location: 2F
1-1: Ball
2-1: Ball
3-1: SOLO HOME RUN (Flyball, 7D), Distance : 363 ft
Pitching: RHP Don Watts
Batting: RHB Rick McDonald 0-0: Swinging Strike
0-1: Ball
1-1: Ball
2-1: Foul Ball, location: 2F
2-2: Fly out, F5 (Line Drive, 5)
Batting: RHB Flint Ballard 0-0: Ball
1-0: Foul Ball, location: 2F
1-1: SOLO HOME RUN (Flyball, 7LD), Distance : 321 ft
Batting: SHB Rick Cochran 0-0: Ball
1-0: Ball
2-0: Ground out 5-3 (Groundball, 56S)
Bottom of the 9th over - 2 runs, 2 hits, 0 errors, 0 left on base; Virginia Tech 16 - Stanford 6
Saturday, April 7th, 2018 - OOTP Baseball 18.8 Build 76